 Dungeon Crawl Stone Soup version 0.18.1-5-g4a78601 (webtiles) character file.

498 dorian the Basher (level 7, 0/68 HPs)
             Began as an Ogre Hunter on May 10, 2016.
             Was an Initiate of Pakellas.
             Killed from afar by an orc wizard (3 damage)
             ... with a puff of frost
             ... on level 5 of the Dungeon.
             The game lasted 00:07:57 (3881 turns).

dorian the Basher (Ogre Hunter)                     Turns: 3881, Time: 00:07:58

Health: 0/68       AC:  9    Str: 18    XL:     7   Next: 16%
Magic:  7/7        EV: 10    Int: 12    God:    Pakellas [......]
Gold:   263        SH:  0    Dex: 10    Spells: 0 memorised, 6 levels left

rFire  + . .     SeeInvis .     J - +6 hand axe of Armageddon {chop, MR+}
rCold  + . .     Gourm    .     b - +0 robe
rNeg   . . .     Faith    .     (no shield)
rPois  +         Spirit   .     (helmet restricted)
rElec  +         Dismiss  .     o - +0 cloak
rCorr  +         Reflect  .     (gloves unavailable)
SustAt .         Harm     .     (boots unavailable)
MR     +....                    (no amulet)
Stlth  +.........               y - ring of flight
                                l - +5 ring of protection

@: resistant, very slightly contaminated, hasted, very quick, somewhat resistant
to hostile enchantments, very unstealthy
A: unfitting armour, tough skin 1
a: Renounce Religion, Evoke Flight


You were on level 5 of the Dungeon.
You worshipped Pakellas.
Pakellas was noncommittal.
You were not hungry.

You visited 2 branches of the dungeon, and saw 6 of its levels.

You collected 263 gold pieces.

Inventory:

Hand Weapons
 a - a +0 short sword
 k - a +2 quarterstaff of chaos
 m - a +0 flail
 J - the +6 hand axe of Armageddon (weapon) {chop, MR+}
   (You found it on level 4 of the Dungeon)

   It inflicts extra damage upon your enemies.
   It affects your resistance to hostile enchantments.
Missiles
 d - 2 throwing nets (quivered)
Armour
 b - a +0 robe (worn)
 o - a +0 cloak (worn)
 C - a -2 robe
Jewellery
 l - a +5 ring of protection (left hand)
 w - an uncursed ring of fire
 y - a ring of flight (right hand)
Wands
 E - a wand of iceblast (6/15)
Scrolls
 e - 3 scrolls of identify
 h - a scroll of amnesia
 q - a scroll of recharging {unknown}
 s - a scroll of teleportation {unknown}
 v - a scroll of random uselessness {unknown}
 x - a scroll of magic mapping {unknown}
 B - a scroll of fear {unknown}
 D - a scroll of fog {unknown}
 F - a scroll of enchant weapon {unknown}
 G - a scroll of enchant armour {unknown}
 H - a scroll of immolation {unknown}
Potions
 i - 2 potions of lignification
 r - 2 potions of beneficial mutation
 u - a potion of invisibility
 A - a potion of brilliance
Comestibles
 f - 3 bread rations
 j - 4 meat rations
 n - a beef jerky
 z - 4 fruits


   Skills:
 - Level 3.6 Fighting
 + Level 8.2 Maces & Flails
 - Level 5.0 Throwing
 - Level 1.7 Dodging
 - Level 0.7 Stealth


You had 6 spell levels left.
You didn't know any spells.

Dungeon Overview and Level Annotations

Branches:
Dungeon (5/15)             Temple (1/1) D:4

Altars:
Dithmenos
Elyvilon
Fedhas
Kikubaaqudgha
Pakellas
Qazlal
Sif Muna
Xom
The Shining One
Lugonu


Innate Abilities, Weirdness & Mutations

You are too large for most types of armour.
You have tough skin (AC +1).


Message History

You hit the orc.
You kill the orc!
Pakellas accepts your kill.
You barely miss something.
You hear some strange, mumbled words.
A puff of frost appears from out of thin air!
The puff of frost hits you! You resist.
* * * LOW HITPOINT WARNING * * *
You closely miss something.
You hear some strange, mumbled words.
A magic dart appears from out of thin air!
The magic dart hits you!
* * * LOW HITPOINT WARNING * * *
You closely miss something. Something hits you but does no damage.
You closely miss something. Something hits you but does no damage.
You hear some strange, mumbled words.
A puff of frost appears from out of thin air!
The puff of frost hits you! You resist.
You die...
Pakellas says: Back to the drawing board!

#.......####.#
......##....### #
##...........## ### #
##......##.....####..
..##......####..........
.........## #..........
##......## ##........#
##..(...## ##.......#
#...{@.†.# #......##
#.....)##...# #......#
.....(. ##...##......##
....#.. #.....####..
.##.... #...# ..... #.##
.###. .# ## ## #


There were no monsters in sight!

Vanquished Creatures
  An ogre (D:4)
  A scorpion (D:4)
  A hound (D:4)
  Crazy Yiuf (D:3)
  4 orc wizards
  A worker ant (D:5)
  A gnoll (D:1)
  4 adders
  A shadow imp (D:3)
  2 oozes
  6 worms
  2 dart slugs (D:1)
  A giant gecko (D:3)
  5 orcs
  7 bats
  7 giant cockroaches
  10 hobgoblins
  6 jackals
  5 quokkas
  A ball python (D:3)
  2 giant newts
  12 goblins
  4 kobolds
  9 rats
94 creatures vanquished.

Vanquished Creatures (others)
  An orc wizard (D:5)
1 creature vanquished.

Grand Total: 95 creatures vanquished

Notes
Turn   | Place    | Note
--------------------------------------------------------------
     0 | D:1      | dorian the Ogre Hunter began the quest for the Orb.
     0 | D:1      | Reached XP level 1. HP: 22/22 MP: 1/1
   207 | D:1      | Reached XP level 2. HP: 23/31 MP: 2/2
   337 | D:1      | Reached XP level 3. HP: 32/39 MP: 3/3
   792 | D:2      | Found a deep blue altar of Sif Muna.
   825 | D:2      | Reached skill level 1 in Maces & Flails
  1261 | D:2      | Reached XP level 4. HP: 31/48 MP: 4/4
  1366 | D:2      | Found a shimmering altar of Xom.
  1424 | D:2      | Reached skill level 2 in Maces & Flails
  1689 | D:2      | Reached skill level 5 in Throwing
  2051 | D:2      | Reached skill level 3 in Maces & Flails
  2522 | D:3      | Reached skill level 4 in Maces & Flails
  2522 | D:3      | Reached XP level 5. HP: 33/54 MP: 5/5
  2680 | D:3      | Reached skill level 5 in Maces & Flails
  2911 | D:3      | Noticed Crazy Yiuf
  2913 | D:3      | Killed Crazy Yiuf
  2913 | D:3      | Reached skill level 6 in Maces & Flails
  2913 | D:3      | Reached XP level 6. HP: 62/62 MP: 6/6
  3546 | D:4      | Reached skill level 7 in Maces & Flails
  3554 | D:4      | Reached XP level 7. HP: 63/68 MP: 7/7
  3615 | D:4      | Found a staircase to the Ecumenical Temple.
  3621 | Temple   | Entered the Ecumenical Temple
  3651 | Temple   | Became a worshipper of Pakellas the Inventive
  3736 | D:4      | Got a twisted hand axe
  3737 | D:4      | Identified the +6 hand axe of Armageddon {chop, MR+} (You found it on level 4 of the Dungeon)
  3774 | D:5      | Entered Level 5 of the Dungeon
  3872 | D:5      | Reached skill level 8 in Maces & Flails
  3875 | D:5      | HP: 2/68 [orc/flail of holy wrath (11)]
  3881 | D:5      | Killed from afar by an orc wizard

Skill      XL: |  1  2  3  4  5  6  7 |
---------------+----------------------+-----
Fighting       | 3 |  3.6
Maces & Flails | 1 4 6 7 8 |  8.2
Throwing       | 5 |  5.0
Dodging        | |  1.7
Stealth        | |  0.7

Action                   |  1- 3 |  4- 6 |  7- 9 || total
-------------------------+-------+-------+-------++-------
Melee: Short sword       |    35 |       |       ||    35
       Flail             |    69 |   175 |       ||   244
       Quarterstaff      |       |    34 |       ||    34
       Hand axe          |       |       |    15 ||    15
Throw: Large rock        |     3 |     7 |     5 ||    15
  Use: Potion            |     1 |       |     5 ||     6
       Scroll            |       |     8 |     2 ||    10
 Stab: Sleeping          |     1 |       |       ||     1
  Eat: Chunk             |     1 |     8 |     1 ||    10
Armor: Robe              |    26 |    91 |    15 ||   132
Dodge: Dodged            |    57 |   154 |     8 ||   219
